 Dungeon Crawl Stone Soup version 0.16-a0-3911-g06eb01e (webtiles) character file.

89 Gronka the Charlatan (level 4, -1/36 HPs)
             Began as a Minotaur Artificer on Feb 2, 2015.
             Was a Follower of Cheibriados.
             Slain by an orc
             ... wielding a +1 whip of electrocution
              (14 damage)
             ... on level 4 of the Dungeon on Feb 3, 2015.
             The game lasted 00:07:16 (1734 turns).

Gronka the Charlatan (Minotaur Artificer)           Turns: 1734, Time: 00:07:16

Health: -1/36      AC: 10    Str: 18    XL:     4   Next: 31%
Magic:  4/4        EV:  6    Int: 11    God:    Cheibriados [*.....]
Gold:   139        SH:  0    Dex: 13    Spells: 0 memorised, 3 levels left

rFire  . . .     SeeInvis .     a - +0 short sword
rCold  . . .     Clarity  .     s - +0 plate armour
rNeg   . . .     SustAb   .     (no shield)
rPois  .         Gourm    .     (helmet restricted)
rElec  .         Spirit   .     (no cloak)
rCorr  .         Warding  .     (no gloves)
rMut   .         Stasis   .     (no boots)
MR     .....                    (no amulet)
Stlth  ..........               (no ring)
                                (no ring)

@: very slow, not resistant to hostile enchantments, extremely unstealthy
A: retaliatory headbutt, horns 2
a: Bend Time, Renounce Religion


You were on level 4 of the Dungeon.
You worshipped Cheibriados.
Cheibriados was aware of your devotion.
You were not hungry.

You visited 2 branches of the dungeon, and saw 4 of its levels.

You collected 139 gold pieces.

Inventory:

Hand weapons
 a - a +0 short sword (weapon)
Armour
 e - a +0 leather armour
 q - a +3 ring mail
 s - a +0 plate armour (worn)
Jewellery
 g - an uncursed amulet of rage {unknown}
 h - an uncursed ring of wizardry {unknown}
 j - an uncursed ring of protection from magic {unknown}
Magical devices
 b - a wand of flame (15)
 c - a wand of enslavement (15)
 d - a wand of random effects (15)
Scrolls
 f - a scroll of recharging {unknown}
 i - a scroll of enchant armour {unknown}
 k - a scroll of fear {unknown}
 l - 2 scrolls of blinking {unknown}
 m - 7 scrolls of identify {unknown}
 r - a scroll of teleportation {unknown}
Potions
 n - a potion of poison {unknown}
 p - 2 potions of curing {unknown}
Comestibles
 o - a slice of pizza


   Skills:
 + Level 1.7 Fighting
 + Level 1.7 Short Blades
 + Level 1.4 Armour
 + Level 3.4 Dodging
 + Level 0.8 Stealth
 + Level 3.6 Evocations


You had 3 spell levels left.
You didn't know any spells.

Dungeon Overview and Level Annotations

Branches:
Dungeon (4/15)             Temple (1/1) D:4

Altars:
Cheibriados
Dithmenos
Elyvilon
Gozag
Kikubaaqudgha
Sif Muna
Trog
Vehumet
Xom
Yredelemnul
Zin
The Shining One


Innate Abilities, Weirdness & Mutations

You reflexively headbutt those who attack you in melee.
You have a pair of horns on your head.


Message History

The orc hits you but does no damage.
Your plate armour prevents you from hitting the orc.
The orc is heavily wounded.
The orc closely misses you. You furiously retaliate!
You headbutt the orc. You hit the orc but do no damage.
The orc is severely wounded.
The orc hits you but does no damage.
Your plate armour prevents you from hitting the orc.
You headbutt the orc.
You kill the orc!
Cheibriados appreciates the change of pace.
Cheibriados raises the support of your attributes as your movement slows.
You hit the orc but do no damage.
The orc hits you with a whip of electrocution.
You are electrocuted!
You hit the orc. Your headbutt misses the orc.
The orc is moderately wounded.
The orc hits you with a whip of electrocution.
You are electrocuted!
You die...

........ .8.....
#.#### . #######
#.....# ###.#.#
#.#@# #.#o# #.#o.
#.#### ##########
#.#########...).....
#...........########
#.########### #.#
###


You could see 2 orcs.

Vanquished Creatures
  An orc wizard (D:4)
  An adder (D:4)
  A giant gecko (D:1)
  7 orcs (D:4)
  A giant cockroach (D:1)
  7 goblins
  5 hobgoblins
  7 jackals
  A quokka (D:2)
  3 ball pythons
  3 bats
  5 kobolds
  3 rats
45 creatures vanquished.

Notes
Turn   | Place    | Note
--------------------------------------------------------------
     0 | D:1      | Gronka, the Minotaur Artificer, began the quest for the Orb.
     0 | D:1      | Reached XP level 1. HP: 16/16 MP: 1/1
   333 | D:1      | Reached XP level 2. HP: 18/23 MP: 1/1
   467 | D:1      | Reached skill level 3 in Evocations
   840 | D:2      | You fall through a shaft for 2 floors!
   862 | D:4      | Reached XP level 3. HP: 24/28 MP: 3/3
   912 | D:4      | Found a staircase to the Ecumenical Temple.
   945 | Temple   | Entered the Ecumenical Temple
  1143 | Temple   | Upgraded the game from 0.16-a0-3889-g45dc0c2 to 0.16-a0-3911-g06eb01e
  1241 | Temple   | Became a worshipper of Cheibriados the Contemplative
  1394 | D:4      | Reached skill level 1 in Armour
  1394 | D:4      | Reached XP level 4. HP: 30/35 MP: 4/4
  1734 | D:4      | Slain by an orc

Action                   |  1- 3 |  4- 6 || total
-------------------------+-------+-------++-------
Melee: Short sword       |    88 |    33 ||   121
  Use: Potion            |     2 |       ||     2
  Eat: Bread ration      |     1 |       ||     1
